[Event "Late-Titled-Tuesday-Blitz-April-02-2024"]
[Site "Chess.com"]
[Date "2024.04.02"]
[Round "7"]
[White "Rashad_Zeynalli"]
[Black "Koalaskakistis"]
[Result "1-0"]
[WhiteElo "2694"]
[BlackElo "2535"]
[TimeControl "180+1"]
[EndTime "15:15:26 PDT"]
[Termination "Rashad_Zeynalli won on time"]

1. d4 f5 2. Bf4 Nf6 3. e3 e6 4.
Nf3 b6 5. h3 Bb7 6. Be2 Bd6 7.
Bxd6 cxd6 8. c4 Nc6 9. Nc3 O-O 10.
d5 Ne5 11. Nd4 Qe7 12. f4 Nf7 13. Bf3 Rab8 14. O-O g6 15. Re1 e5 16. Ndb5 a6 17. Na3 g5 18. Bh5 gxf4 19. exf4 e4 20. Bxf7+ Rxf7 21. Nc2 Ne8 22. Ne3 Qf6 23. Rf1 Kh8 24. Qd2 Rg7 25.
Rad1 Nc7 26. Qd4 Qg6 27. Qxb6 Rbg8 28. Qxc7 Qg3 29. Qb6 Qxh3 30. Qd4 h5 31. Rde1 Kh7 32. Rf2 Rg6 33. Ncd1 h4 34. Kf1 Qg3 35. Nxf5 Qh2 36. Qxe4 a5 37. Ne7 1-0

[Event "Late-Titled-Tuesday-Blitz-April-02-2024"]
[Site "Chess.com"]
[Date "2024.04.02"]
[Round "7"]
[White "Szachulec75"]
[Black "egnfanclub"]
[Result "0-1"]
[WhiteElo "2054"]
[BlackElo "2370"]
[TimeControl "180+1"]
[EndTime "15:15:26 PDT"]
[Termination "egnfanclub won by resignation"]

1. Nf3 Nf6 2. g3 b5 3. Bg2 Bb7 4. O-O e6 5. d3 c5 6. e4 d6 7. b3 Be7 8. Bb2 Nc6 9. a4 a6 10. Nc3 b4 11. Ne2 O-O 12. h3 d5 13. exd5 exd5 14.
Ne5 Nxe5 15. Bxe5 Re8 16. Nf4 Nd7 17. Bb2 Bf6 18. Bxf6 Nxf6 19. d4 cxd4 20. Qxd4 Qc7 21. Qxb4 a5 22. Qd2 Rac8 23. Rac1 Qc5 24. Rfe1 Ne4 25. Qe3 Qxe3 26. Rxe3 Nc3 27. Rce1 Rxe3 28. Rxe3 g5 29. Nd3 Bc6 30. Ne5 Be8 31. Ng4 Kg7 32. Re5 f6 33. Re7+ Bf7 34. Ne3 Rd8 35. Nf5+ Kf8 36. Ra7 Bg6 37. Nd4 Re8 38. Rxa5 Re1+ 39. Kh2 Rc1 40. Bxd5 Bxc2 41. Nxc2 Rxc2 42. Kg2 Rb2 43.
Bc4 Nd1 44. Kf3 Nxf2 45. h4 h6 46. Ra7 Nd1 47. Rf7+ Ke8 48. Rxf6 gxh4 49. gxh4 Rf2+ 0-1

[Event "Late-Titled-Tuesday-Blitz-April-02-2024"]
[Site "Chess.com"]
[Date "2024.04.02"]
[Round "7"]
[White "grandcoach"]
[Black "CatLoverPL"]
[Result "1-0"]
[WhiteElo "2281"]
[BlackElo "2492"]
[TimeControl "180+1"]
[EndTime "15:15:27 PDT"]
[Termination "grandcoach won by resignation"]

1. e4 g6 2. d4 Bg7 3. Nc3 c5 4. dxc5 Qa5 5. Bd2 Qxc5 6. Nd5 Na6 7. Nf3 e6 8. b4 Qf8 9. Bxa6 exd5 10. Bd3 Nf6 11. exd5 Nxd5 12. O-O d6 13. Re1+ Be6 14. Bb5+ Kd8 15. Bg5+ Kc8 16. Nd4 Nc7 17. c4 h6 18. Bf4 g5 19. Nxe6 fxe6 20. Bxd6 Qf7 21. Rc1 Rd8 22. Ba4 a5 23. b5 Bf8 24. c5 Nd5 25. Bb3 a4 26. Bc4 Kd7 27. Rxe6 Qxe6 28. Bxd5 Qf6 29. Qg4+ Ke8 30. Qh5+ Kd7 31. Qg4+ Ke8 32.
Re1+ 1-0

[Event "Late-Titled-Tuesday-Blitz-April-02-2024"]
[Site "Chess.com"]
[Date "2024.04.02"]
[Round "7"]
[White "GoValya"]
[Black "akanga001"]
[Result "1-0"]
[WhiteElo "2241"]
[BlackElo "2130"]
[TimeControl "180+1"]
[EndTime "15:15:32 PDT"]
[Termination "GoValya won by checkmate"]

1. d4 d5 2. Nf3 Nf6 3. c4 dxc4 4. Nc3 e6 5. e3 c5 6. Bxc4 a6 7. a4 b6 8. O-O Bb7 9. Qe2 Nbd7 10. Rd1 Qc7 11. e4 cxd4 12. Nxd4 Ne5 13. Bb3 Ng6 14. Bg5 Bc5 15. Bxf6 gxf6 16. Rac1 Qe7 17.
Bc4 O-O 18. Nb3 Bb4 19. Qg4 Kh8 20. f4 Rg8 21. Be2 e5 22. Bf3 Nxf4 23. Qh4 Bxc3 24. Rxc3 Rad8 25. Rdc1 Ng6 26. Qh6 Rc8 27. h3 Rxc3 28. Rxc3 Rc8 29. Re3 b5 30. Bg4 Rg8 31. Bf5 Nf4 32. Qxh7# 1-0

[Event "Late-Titled-Tuesday-Blitz-April-02-2024"]
[Site "Chess.com"]
[Date "2024.04.02"]
[Round "7"]
[White "RebelJohnny"]
[Black "GMG"]
[Result "1-0"]
[WhiteElo "2625"]
[BlackElo "2762"]
[TimeControl "180+1"]
[EndTime "15:15:34 PDT"]
[Termination "RebelJohnny won on time"]

1. e4 c6 2. d4 d5 3. Nd2 dxe4 4. Nxe4 Nf6 5. Nxf6+ exf6 6. c3 Bd6 7. Bd3 O-O 8.
Qc2 Re8+ 9. Ne2 h5 10. O-O Qc7 11. h3 Nd7 12. Ng3 Bxg3 13. fxg3 Nf8 14. Bf4 Qb6 15. Rfe1 Be6 16. Kh2 a5 17. Qf2 Ng6 18. Bd6 Rad8 19. c4 Ra8 20. Re2 Qd8 21. c5 Qd7 22. a3 Bd5 23.
Rae1 Nf8 24. Re7 Rxe7 25. Rxe7 Qd8 26. Qe2 Ng6 27. Qxh5 1-0

[Event "Late-Titled-Tuesday-Blitz-April-02-2024"]
[Site "Chess.com"]
[Date "2024.04.02"]
[Round "7"]
[White "MaestroCheck"]
[Black "GMKrikor"]
[Result "1/2-1/2"]
[WhiteElo "2587"]
[BlackElo "2873"]
[TimeControl "180+1"]
[EndTime "15:15:35 PDT"]
[Termination "Game drawn by repetition"]

1. e4 c5 2. Nc3 Nc6 3. Bb5 Nd4 4. Nf3 e6 5. O-O a6 6. Bd3 Nc6 7. Be2 Nf6 8. d4 cxd4 9. Nxd4 d6 10. Be3 Be7 11. f4 Bd7 12. Kh1 O-O 13. Qe1 b5 14.
a3 Nxd4 15. Bxd4 Bc6 16. Qg3 g6 17. Bd3 a5 18. Rae1 b4 19. Nb1 Nh5 20. Qg4 Nxf4 21. Qxf4 e5 22. Bxe5 dxe5 23. Qxe5 Bd6 24. Qd4 Qe7 25.
axb4 axb4 26. Nd2 Be5 27. Qb6 Rac8 28. Nc4 Bb8 29. Qf2 Bb5 30. b3 Bxc4 31. Bxc4 Be5 32. Rd1 Kg7 33. Rd3 Rc7 34. Rf3 h5 35. h3 Qe8 36.
Rd3 Qe7 37. Rf3 Qd7 38. Rd3 Qe7 39. Rf3 1/2-1/2

[Event "Late-Titled-Tuesday-Blitz-April-02-2024"]
[Site "Chess.com"]
[Date "2024.04.02"]
[Round "7"]
[White "Polish_fighter3000"]
[Black "Oleksandr_Bortnyk"]
[Result "0-1"]
[WhiteElo "3159"]
[BlackElo "3066"]
[TimeControl "180+1"]
[EndTime "15:15:38 PDT"]
[Termination "Oleksandr_Bortnyk won on time"]

1. e4 Nf6 2. e5 Nd5 3. d4 d6 4. c4 Nb6 5. exd6 exd6 6. Nc3 Be7 7. Bd3 O-O 8. Nge2 c6 9. Qc2 g6 10. Be3 Na6 11. a3 d5 12. c5 Nd7 13. b4 Nc7 14. O-O Re8 15. Rfe1 Nf8 16. a4 Bf6 17. b5 Nfe6 18. Rab1 Ng7 19. Ng3 h5 20.
h3 h4 21. Nf1 Nf5 22. Ne2 Nxe3 23. fxe3 Ne6 24. Kh1 Qa5 25. Bxg6 Ng5 26. Bf5 Ne4 27.
Bxc8 Raxc8 28. bxc6 bxc6 29. Rec1 Bg5 30. Rb7 Qa6 31. Rcb1 Re6 32. Nc3 Rf6 33. Nxe4 Rxf1+ 34. Kh2 Bxe3 35. Rxf1 Qxf1 36. Rb1 Qf4+ 37. g3 Qxe4 38. Qd1 hxg3+ 39. Kxg3 Bxd4 40. Rb3 Re8 41. a5 Bxc5 42. a6 Re6 0-1

[Event "Late-Titled-Tuesday-Blitz-April-02-2024"]
[Site "Chess.com"]
[Date "2024.04.02"]
[Round "7"]
[White "Kiborg95"]
[Black "1mbl4"]
[Result "0-1"]
[WhiteElo "2836"]
[BlackElo "2643"]
[TimeControl "180+1"]
[EndTime "15:15:38 PDT"]
[Termination "1mbl4 won on time"]

1. e4 c5 2. Nc3 Nc6 3. Nge2 g6 4. d4 cxd4 5. Nxd4 Bg7 6. Be3 Nf6 7. Bc4 O-O 8. Bb3 Ng4 9. Qxg4 Nxd4 10. Qd1 e5 11.
O-O d6 12. Qd2 Be6 13. Bd5 Qb6 14. Rab1 Rac8 15. a4 Qa6 16. Bxe6 fxe6 17. Bxd4 exd4 18. Nb5 Qxa4 19. Nxd6 Rxc2 20. Qd3 b6 21. Nb5 Qc4 22. Qxc4 Rxc4 23. Nxa7 Ra8 24. Nb5 Ra2 25. Rfd1 e5 26. Nd6 Rc2 27. g3 Bf8 28. Ne8 Kf7 0-1

[Event "Late-Titled-Tuesday-Blitz-April-02-2024"]
[Site "Chess.com"]
[Date "2024.04.02"]
[Round "7"]
[White "katharinareinecke"]
[Black "cedchass2006"]
[Result "0-1"]
[WhiteElo "2022"]
[BlackElo "2425"]
[TimeControl "180+1"]
[EndTime "15:15:41 PDT"]
[Termination "cedchass2006 won by resignation"]

1. d4 Nf6 2. c4 e6 3. Nf3 d5 4.
g3 dxc4 5. Bg2 a6 6. a4 c5 7. O-O Nc6 8. e3 cxd4 9. Nxd4 Nxd4 10. exd4 Be7 11. Na3 Qc7 12. Qe2 c3 13. bxc3 Qxc3 14.
Bb2 Qb3 15. Nc4 O-O 16. Rfb1 Nd5 17. Ba3 Qc3 18. Bxe7 Nxe7 19. Nb6 Rb8 20. Rc1 Qxd4 21. Rab1 Nd5 22. Nxc8 Rfxc8 23. Rxc8+ Rxc8 24. Bxd5 Qxd5 25. Qb2 g6 26. h4 h5 27. Qe2 b5 28. Rd1 Qc4 29.
Qe5 Qxa4 30. Re1 Qc4 31. Qf6 Qc3 32. Rd1 Qxf6 0-1

[Event "Late-Titled-Tuesday-Blitz-April-02-2024"]
[Site "Chess.com"]
[Date "2024.04.02"]
[Round "7"]
[White "smotherhubbard"]
[Black "Sanyura"]
[Result "0-1"]
[WhiteElo "2392"]
[BlackElo "2625"]
[TimeControl "180+1"]
[EndTime "15:15:42 PDT"]
[Termination "Sanyura won by resignation"]

1. d4 Nf6 2. c4 g6 3. f3 Bg7 4. e4 d6 5. Be3 O-O 6. Nc3 a6 7. Bd3 c5 8. Nge2 Nc6 9. d5 Ne5 10. O-O b5 11. cxb5 axb5 12. Bxb5 Ba6 13. b3 Qa5 14. a4 c4 15. h3 Rfc8 16. f4 Nd3 17. bxc4 Nb2 18. Qb3 Nxc4 19. Bd4 Nd2 20. Qd1 Nxf1 21.
Qxf1 Bxb5 22. Nxb5 Nxe4 23. Bxg7 Kxg7 24. Ned4 Nc3 25. Nc6 Qb6+ 26. Kh2 Nxd5 27. Ncd4 e5 28. fxe5 dxe5 29. Nf3 e4 30. Nfd4 Qf6 31. Qe2 Qe5+ 32. Kh1 Nc3 33. Nxc3 Rxc3 34. Nb5 Rxh3+ 35. gxh3 Qxa1+ 36. Kg2 Qxa4 37. Nc3 Qd4 38. Nxe4 Re8 0-1

[Event "Late-Titled-Tuesday-Blitz-April-02-2024"]
[Site "Chess.com"]
[Date "2024.04.02"]
[Round "7"]
[White "Itay121"]
[Black "dedpihto_v_kozhanom_palto"]
[Result "0-1"]
[WhiteElo "2559"]
[BlackElo "2723"]
[TimeControl "180+1"]
[EndTime "15:15:43 PDT"]
[Termination "dedpihto_v_kozhanom_palto won by checkmate"]

1. e4 g6 2. d4 Bg7 3. h4 h5 4.
Bc4 d6 5. Nc3 Nc6 6. Be3 e5 7.
Nge2 Nf6 8. Qd2 O-O 9. O-O-O Ng4 10.
Bg5 Qe8 11. Nd5 exd4 12. Rdf1 Nce5 13. Bb3 d3 14. cxd3 Be6 15. Nec3 Bxd5 16. Nxd5 Qb5 17. f3 Nxd3+ 18. Kb1 Nge5 19. Nf6+ Kh8 20. g4 a5 21. gxh5 a4 22. h6 Bxf6 23. Bxf6+ Kh7 24. Bd5 c6 25. f4 cxd5 26. fxe5 dxe5 27. Bg7 dxe4 28. h5 g5 29. Rh2 Nf4 30. Rg1 Rfd8 31. Qc2 f5 32. Bf6 Rdc8 33. Qd2 g4 34. Bg5 Qd3+ 35. Qxd3 Nxd3 36. Rd1 a3 37. bxa3 Ra5 38. Rb2 Rc7 39. Rb6 Rac5 40. Rg6 f4 41.
Rf6 Rc1+ 42. Rxc1 Rxc1# 0-1

[Event "Late-Titled-Tuesday-Blitz-April-02-2024"]
[Site "Chess.com"]
[Date "2024.04.02"]
[Round "7"]
[White "Flaccidmoves"]
[Black "Bilan_Danila"]
[Result "1-0"]
[WhiteElo "2422"]
[BlackElo "2556"]
[TimeControl "180+1"]
[EndTime "15:15:43 PDT"]
[Termination "Flaccidmoves won on time"]

1. e4 c6 2. d4 d5 3. e5 c5 4. dxc5 Nc6 5. a3 Nxe5 6. b4 Nf6 7.
Bb2 Nc6 8. Nf3 g6 9. b5 Nb8 10. c4 Nbd7 11. c6 bxc6 12. bxc6 Nb6 13. c5 Nc4 14.
Bxc4 dxc4 15. Qa4 Bg7 16. O-O O-O 17. Rd1 Qe8 18. Nbd2 Be6 19. Ne5 Ng4 20. Ndxc4 Bxc4 21. Nxc4 Qb8 22. g3 Bxb2 23. Rab1 Qc8 24. Rxb2 Qf5 25. Rc2 Rac8 26. Rdc1 1-0

[Event "Late-Titled-Tuesday-Blitz-April-02-2024"]
[Site "Chess.com"]
[Date "2024.04.02"]
[Round "7"]
[White "shimastream"]
[Black "Rsnr"]
[Result "1-0"]
[WhiteElo "3019"]
[BlackElo "2875"]
[TimeControl "180+1"]
[EndTime "15:15:45 PDT"]
[Termination "shimastream won on time"]

1. e4 c6 2. Nf3 d5 3. exd5 cxd5 4. Ne5 Nc6 5. Bb5 Bd7 6. Bxc6 Bxc6 7. d4 e6 8. O-O Bd6 9. Re1 Nf6 10. Bg5 O-O 11. c3 Qc7 12. Nd2 Nd7 13. Nxd7 Bxd7 14. Nf3 Rae8 15. Bh4 Qb6 16. Qd2 a5 17. Bg3 Rc8 18. Re3 Bxg3 19. fxg3 Qd6 20. g4 b5 21. Ne5 Be8 22. Nd3 Qe7 23. a3 Qg5 24.
Qe2 Bc6 25. Re5 Qe7 26. g5 Qd6 27. h4 Rce8 28. Re1 Bd7 29. Nc5 Re7 30. h5 Rfe8 31. Qg4 Kh8 32. Qf4 Rf8 33. h6 f6 34. hxg7+ Rxg7 35. gxf6 Rgf7 36. Rf1 Rxf6 37. Qxf6+ Rxf6 38. Rxf6 Qe7 39. Nxd7 Qxd7 40. Rfxe6 1-0

[Event "Late-Titled-Tuesday-Blitz-April-02-2024"]
[Site "Chess.com"]
[Date "2024.04.02"]
[Round "7"]
[White "Hamisandwich"]
[Black "RealPerangel"]
[Result "1-0"]
[WhiteElo "2718"]
[BlackElo "2555"]
[TimeControl "180+1"]
[EndTime "15:15:46 PDT"]
[Termination "Hamisandwich won by resignation"]

1. e4 d5 2. d3 Nf6 3. Nd2 e5 4. Ngf3 Nc6 5. Be2 Bd6 6. c3 Be6 7. b4 O-O 8. a3 Ne7 9. c4 dxe4 10. Nxe4 Nxe4 11. dxe4 Ng6 12. c5 Be7 13. O-O c6 14. Qc2 Qc7 15. Be3 b5 16. cxb6 axb6 17. Rfc1 Rfc8 18.
Nd2 c5 19. bxc5 Bxc5 20. Bxc5 Qxc5 21. Qxc5 bxc5 22. g3 Nf8 23. a4 Bd7 24. Nc4 Rcb8 25. Nxe5 Bxa4 26. Rxc5 Bb3 27. Rca5 Rxa5 28. Rxa5 Ne6 29.
Nc6 Re8 30. Bb5 Rf8 31. f4 Kh8 32. e5 Bc2 33. Bc4 h6 34. Bxe6 fxe6 35. Nd4 Bf5 36. Ra6 Bh3 37. Nxe6 Rc8 38. Nd4 Rc4 39. Rd6 Rb4 40.
e6 Kg8 41. Rd8+ Kh7 42. e7 1-0

[Event "Late-Titled-Tuesday-Blitz-April-02-2024"]
[Site "Chess.com"]
[Date "2024.04.02"]
[Round "7"]
[White "Hikaru"]
[Black "SpeedofLight0"]
[Result "0-1"]
[WhiteElo "3261"]
[BlackElo "3082"]
[TimeControl "180+1"]
[EndTime "15:15:47 PDT"]
[Termination "SpeedofLight0 won by resignation"]

1. d4 d6 2. e4 g6 3. Nf3 Bg7 4. Bc4 a6 5. Qe2 b5 6. Bb3 Bb7 7. O-O Nd7 8. Bxf7+ Kxf7 9. Ng5+ Ke8 10. Ne6 Qc8 11.
Nxg7+ Kf7 12. Nh5 gxh5 13. Qxh5+ Kg7 14. Re1 Qe8 15. Qg4+ Kf8 16. Qf5+ Kg7 17. Re3 Nf8 18. h4 h5 19. Rg3+ Ng6 20. Nc3 Qf7 21. Be3 Rf8 22. Qg5 Nf6 23. f3 Rfg8 24. e5 Kf8 25. exf6 exf6 26. Qf5 Nxh4 27. Qh3 Rxg3 28. Qxg3 Nxg2 29.
Kf2 Rg8 30. Bh6+ Ke8 31. Qh3 Qg6 32. Bd2 Ke7 33. Rg1 Qxc2 34. Nb1 Nf4 35. Qh2 Rxg1 36. Kxg1 Qxb1+ 37. Kf2 Nd3+ 38. Ke3 Nxb2 39. Qxh5 Qd3+ 40. Kf4 Qxd2+ 41. Kg3 Qg5+ 0-1

[Event "Late-Titled-Tuesday-Blitz-April-02-2024"]
[Site "Chess.com"]
[Date "2024.04.02"]
[Round "7"]
[White "FREZZY23"]
[Black "ArmanGhevondyanchess"]
[Result "0-1"]
[WhiteElo "2424"]
[BlackElo "2597"]
[TimeControl "180+1"]
[EndTime "15:15:50 PDT"]
[Termination "ArmanGhevondyanchess won by checkmate"]

1. Nf3 c6 2. g3 d5 3. d4 Nf6 4.
Bg2 Bf5 5. O-O e6 6. c4 h6 7. Nc3 Nbd7 8. Qb3 Qb6 9. c5 Qxb3 10.
axb3 a6 11. b4 Rc8 12. Nd2 Be7 13. Nb3 Bd8 14. Bf4 O-O 15. Bd6 Re8 16. Na5 Bxa5 17. bxa5 e5 18. Ra4 exd4 19. Rxd4 Ne4 20. Nxe4 Bxe4 21. f3 Bg6 22. e4 dxe4 23. fxe4 Nf6 24. e5 Nh7 25. Rb4 Bd3 26. Rxb7 Bxf1 27. Bxf1 Ng5 28. Bc4 Nf3+ 29. Kf2 Nxe5 30. Bxa6 Ra8 31. Rb6 h5 32. b4 Ng4+ 33. Kf3 Re3+ 34. Kf4 Rae8 35.
Rb8 Re4+ 36. Kg5 Rxb8 37. Bxb8 Nf6 38. Bb7 Rxb4 39. a6 Nd7 40. a7 Rg4+ 41. Kf5 g6# 0-1

[Event "Late-Titled-Tuesday-Blitz-April-02-2024"]
[Site "Chess.com"]
[Date "2024.04.02"]
[Round "7"]
[White "subham777"]
[Black "SergioMoralesG"]
[Result "1-0"]
[WhiteElo "2565"]
[BlackElo "2412"]
[TimeControl "180+1"]
[EndTime "15:15:50 PDT"]
[Termination "subham777 won on time"]

1. e4 c5 2. Nf3 e6 3. g3 d5 4.
exd5 exd5 5. d4 Nc6 6. Bg2 Bg4 7. c3 Nf6 8. O-O c4 9. Re1+ Be7 10. Nbd2 O-O 11. Nf1 h6 12. Ne3 Be6 13. Ne5 Qc7 14.
f4 Rad8 15. Kh1 b5 16. Qf3 Nxe5 17. fxe5 Ne4 18. Nf5 Bg5 19. Bxg5 Nxg5 20. Qf4 Bxf5 21. Qxf5 a5 22. h4 Ne6 23. Rf1 b4 24. g4 Qe7 25.
g5 hxg5 26. h5 bxc3 27. bxc3 Rb8 28. Bxd5 Nf4 29. Bf3 g6 30. Qe4 gxh5 31. Rg1 f5 32. Qxf4 g4 33. Bd5+ Kg7 34. Raf1 Rb2 35. Rg2 1-0

[Event "Late-Titled-Tuesday-Blitz-April-02-2024"]
[Site "Chess.com"]
[Date "2024.04.02"]
[Round "7"]
[White "jcmesafischer"]
[Black "dolynachess"]
[Result "0-1"]
[WhiteElo "2378"]
[BlackElo "2531"]
[TimeControl "180+1"]
[EndTime "15:15:50 PDT"]
[Termination "dolynachess won on time"]

1. e4 c5 2. Nf3 d6 3. Bb5+ Bd7 4. Bxd7+ Qxd7 5. c4 Nc6 6. d4 cxd4 7. Nxd4 Nf6 8. f3 Nxd4 9. Qxd4 g6 10. Be3 Bg7 11.
Qd2 O-O 12. Nc3 Rfc8 13. b3 b5 14. Nxb5 Nxe4 15. Qd1 Nc3 16. Nxc3 Bxc3+ 17. Kf2 Bxa1 18. Qxa1 a5 19. h4 a4 20. Qc3 axb3 21. axb3 Ra2+ 22. Kg3 h5 23. Re1 f6 24. Qc1 Qf5 25. Bb6 e5 26. b4 Qc2 27. Qxc2 Rxc2 28. c5 d5 29. Kh3 d4 30. g4 hxg4+ 31. Kxg4 Kf7 32. h5 gxh5+ 33. Kxh5 Rg8 34. Rh1 Rh8+ 0-1

[Event "Late-Titled-Tuesday-Blitz-April-02-2024"]
[Site "Chess.com"]
[Date "2024.04.02"]
[Round "7"]
[White "IMRosen"]
[Black "KuzubovYuriy"]
[Result "0-1"]
[WhiteElo "2685"]
[BlackElo "2930"]
[TimeControl "180+1"]
[EndTime "15:15:54 PDT"]
[Termination "KuzubovYuriy won on time"]

1. e4 e6 2. f4 d5 3. e5 c5 4. Nf3 Nc6 5. c3 b6 6. Na3 Bb7 7. Nc2 Nge7 8. d4 Nf5 9. Bd3 h5 10. Bxf5 exf5 11. Ne3 g6 12. dxc5 Bxc5 13. b4 Be7 14.
Qxd5 Qxd5 15. Nxd5 Nxe5 16. Nc7+ Kd7 17. Nxa8 Nxf3+ 18. gxf3 Rxa8 19. Kf2 Bh4+ 20. Kg2 Re8 21. Rd1+ Kc7 22. Rd2 Re1 23. Bb2 Re3 24. Rf1 b5 25.
Rc2 Bd5 26. Bc1 Re6 27. Rd1 Kc6 28. Rcd2 Bc4 29. Kh3 Bf6 30. Rc2 a6 31. Kg3 Re8 32. Kh3 Bd8 33. Rcd2 Bc7 34. Rd7 Re2 35. R7d2 Re6 36.
Rc2 Be2 37. Re1 Bxf3 38. Rxe6+ fxe6 39. Kg3 Be4 40. Rf2 g5 41. h3 h4+ 42. Kh2 g4 43.
Rf1 g3+ 44. Kg1 Bb6+ 45. Rf2 gxf2+ 0-1

[Event "Late-Titled-Tuesday-Blitz-April-02-2024"]
[Site "Chess.com"]
[Date "2024.04.02"]
[Round "7"]
[White "DraningWaterHi"]
[Black "BillCoe"]
[Result "1/2-1/2"]
[WhiteElo "2286"]
[BlackElo "2129"]
[TimeControl "180+1"]
[EndTime "15:15:55 PDT"]
[Termination "Game drawn - insufficient material"]

1. d4 d5 2. c4 e6 3. Nf3 Be7 4. g3 Nf6 5. Bg2 O-O 6. O-O c6 7. Nc3 Nbd7 8. Qd3 b6 9. e4 dxe4 10. Nxe4 Nxe4 11. Qxe4 Bb7 12. Ne5 Nf6 13. Qe3 Qc7 14.
b3 c5 15. Bxb7 Qxb7 16. Bb2 cxd4 17. Bxd4 Rfd8 18. Rfd1 Rac8 19. Rac1 Qe4 20. Qxe4 Nxe4 21. Be3 Kf8 22. f3 Nc5 23. Kg2 Ke8 24. Bxc5 Bxc5 25. f4 a6 26. Kf3 Rxd1 27. Rxd1 f6 28. Nd3 Ke7 29. Ke4 Bd6 30. Nb2 Bc7 31. Na4 Rd8 32. Rxd8 Kxd8 33. f5 exf5+ 34. Kxf5 Ke7 35. Nc3 g6+ 36. Ke4 Ke6 37. Nd5 Bd8 38. h3 f5+ 39. Ke3 Kd6 40. g4 fxg4 41. hxg4 Ke5 42. a4 Bg5+ 43. Kd3 Bd8 44. b4 h5 45. gxh5 gxh5 46. Ne3 h4 47. b5 axb5 48. cxb5 h3 49. Ke2 Kf4 50. Nf1 Bc7 51. Kf2 Ke4 52. Nd2+ Kd3 53. Nf3 Kc4 54. Ng5 h2 55. Kg2 Kb4 56. Ne4 Kxa4 57.
Nc3+ Kb3 58. Nd5 Bd8 59. Kxh2 Kc4 60. Nxb6+ Bxb6 61. Kg2 Kxb5 1/2-1/2

[Event "Late-Titled-Tuesday-Blitz-April-02-2024"]
[Site "Chess.com"]
[Date "2024.04.02"]
[Round "7"]
[White "HajiyevKanan"]
[Black "Byniolus"]
[Result "0-1"]
[WhiteElo "2611"]
[BlackElo "2783"]
[TimeControl "180+1"]
[EndTime "15:15:57 PDT"]
[Termination "Byniolus won on time"]

1. d4 d6 2. Nf3 Bg4 3. g3 Bxf3 4. exf3 c6 5. Bg2 e6 6. O-O g6 7. f4 Bg7 8. c3 Ne7 9. Nd2 O-O 10. Nf3 Nd7 11. Re1 d5 12. Ne5 Rc8 13. h4 h5 14. Bf3 c5 15. Nxd7 Qxd7 16. dxc5 Nf5 17. Be3 Nxe3 18. fxe3 Rxc5 19. Qd3 e5 20. Kg2 Rd8 21.
Rad1 Qc7 22. f5 Qb6 23. b4 Rxc3 24. Qxc3 e4 25. Qc5 exf3+ 26. Kxf3 Qf6 27. Rxd5 Re8 28. Qxa7 Qe7 29. fxg6 Qe4+ 30. Kf2 Qxd5 31. gxf7+ Qxf7+ 32. Kg2 Rf8 33. e4 Qf3+ 34. Kh2 Be5 35. Qg1 Ra8 36. a4 Rxa4 37. Re3 Ra2+ 0-1

[Event "Late-Titled-Tuesday-Blitz-April-02-2024"]
[Site "Chess.com"]
[Date "2024.04.02"]
[Round "7"]
[White "Godzillator"]
[Black "ImportedItalianMaple"]
[Result "1-0"]
[WhiteElo "2406"]
[BlackElo "2517"]
[TimeControl "180+1"]
[EndTime "15:15:58 PDT"]
[Termination "Godzillator won by checkmate"]

1. c4 g6 2. Nc3 Bg7 3. d4 c5 4. d5 Bxc3+ 5. bxc3 e5 6. h4 d6 7. h5 Kd7 8. hxg6 fxg6 9. g3 Kc7 10. Bh3 Nf6 11.
Bxc8 Qxc8 12. Nh3 Nbd7 13. Ng5 Nf8 14. Rb1 Qe8 15. Qb3 b6 16. a4 h6 17. a5 Rb8 18.
Qa2 Nh5 19. axb6+ axb6 20. Ne4 Nd7 21. Qa7+ Rb7 22. Qxb7+ Kxb7 23. Nxd6+ Kc7 24. Nxe8+ Rxe8 25. g4 Nhf6 26. Rxh6 Nxg4 27. Rxg6 Ngf6 28. f3 e4 29. Bg5 Nh5 30. Rc6+ Kb7 31. Re6 Rg8 32. f4 Nxf4 33. Bxf4 Rg1+ 34. Kd2 Rxb1 35. Rxe4 Rb2+ 36. Kd3 Nf6 37.
Re7+ Kc8 38. e4 Ng4 39. e5 Kd8 40. Rg7 Nf2+ 41. Ke3 Nd1+ 42. Kf3 Rf2+ 43. Kg3 Rf1 44.
Bg5+ Ke8 45. e6 Kf8 46. Rb7 Rg1+ 47. Kf4 Nxc3 48. Bf6 Rf1+ 49. Ke5 Re1+ 50. Kf5 Rf1+ 51. Kg6 Rg1+ 52. Kh5 Rh1+ 53. Kg4 Rg1+ 54. Kh3 Rf1 55.
Rb8# 1-0

[Event "Late-Titled-Tuesday-Blitz-April-02-2024"]
[Site "Chess.com"]
[Date "2024.04.02"]
[Round "7"]
[White "LeninGuerra"]
[Black "WilsonPalencia21"]
[Result "0-1"]
[WhiteElo "2710"]
[BlackElo "2601"]
[TimeControl "180+1"]
[EndTime "15:16:01 PDT"]
[Termination "WilsonPalencia21 won by checkmate"]

1. e4 c5 2. Nf3 d6 3. b4 cxb4 4.
a3 bxa3 5. Bxa3 Nf6 6. Bd3 g6 7. O-O Bg7 8. c3 O-O 9. Bc2 Bg4 10. h3 Bxf3 11. Qxf3 Nc6 12. d4 e5 13. Rd1 Nh5 14. Qe3 exd4 15. cxd4 Qb6 16. e5 dxe5 17. d5 Nd4 18.
Bxf8 Rxf8 19. Bd3 Nf4 20. Nc3 a6 21. Rac1 Qa5 22. d6 Qd8 23. Ne4 f5 24. Nc5 Qxd6 25. Nxb7 Qe7 26. Bxa6 Qg5 27. Bf1 Nde2+ 28. Kh1 Nxc1 29.
Rxc1 Qe7 30. Qb3+ Kh8 31. Qb6 e4 32. Rc7 Qe5 33. Nd6 Qa1 34. Qb5 h6 35. Kg1 Nd3 36. Rc8 Rxc8 37. Nxc8 Qd4 38. Qe8+ Kh7 39. Ne7 Qxf2+ 40.
Kh2 Be5+ 41. Kh1 Qxf1# 0-1

[Event "Late-Titled-Tuesday-Blitz-April-02-2024"]
[Site "Chess.com"]
[Date "2024.04.02"]
[Round "7"]
[White "Supelyel"]
[Black "Fh2411"]
[Result "1-0"]
[WhiteElo "2435"]
[BlackElo "2560"]
[TimeControl "180+1"]
[EndTime "15:16:04 PDT"]
[Termination "Supelyel won by resignation"]

1. c4 c6 2. Nc3 d5 3. cxd5 cxd5 4. d4 Nf6 5. Bf4 Nc6 6. e3 a6 7. Nf3 Bg4 8. Be2 Bxf3 9. Bxf3 e6 10. O-O Be7 11.
a3 O-O 12. Rc1 Rc8 13. h3 Na5 14. Qe2 Re8 15. Rfd1 Qb6 16. Rc2 Qb3 17. Rdc1 Rc4 18. Qd2 Rec8 19. Bd1 Qb6 20. Na4 Qb5 21. Rxc4 Nxc4 22.
Qe2 Rc6 23. f3 h6 24. g4 Nd7 25. Rc3 Qa5 26. b4 Qd8 27. Nc5 Nxc5 28. bxc5 b6 29. Bb3 bxc5 30. Bxc4 dxc4 31. Rxc4 Rb6 32. dxc5 Rb1+ 33.
Kg2 Qc8 34. Qc2 f6 35. Qxb1 e5 36. Bg3 Qc6 37. Qe4 Qb5 38. Rc2 Bxc5 39. Qc4+ Qxc4 40. Rxc4 Bxe3 41. Ra4 1-0

[Event "Late-Titled-Tuesday-Blitz-April-02-2024"]
[Site "Chess.com"]
[Date "2024.04.02"]
[Round "7"]
[White "Onthequiet"]
[Black "PonyQueen07"]
[Result "1-0"]
[WhiteElo "2427"]
[BlackElo "2248"]
[TimeControl "180+1"]
[EndTime "15:16:04 PDT"]
[Termination "Onthequiet won on time"]

1. d4 Nf6 2. Nf3 e6 3. Bg5 d5 4. e3 Bd6 5. c4 c6 6. Nc3 Nbd7 7.
Qb3 O-O 8. Bd3 h6 9. Bh4 dxc4 10. Bxc4 Qc7 11. O-O Nd5 12. Rac1 Nxc3 13. bxc3 Nb6 14. Bd3 c5 15. Bb1 c4 16. Qc2 f5 17. e4 Bf4 18.
exf5 exf5 19. Bg3 Bxg3 20. hxg3 Nd5 21. Ne5 Bd7 22. Rfe1 Rae8 23. Re2 Re6 24. Rce1 Be8 25. g4 Nf4 26. Re3 Bg6 27. Nxg6 Rxg6 28. Rg3 Nd3 29. Rxd3 cxd3 30. Qxd3 Rxg4 31. Re5 Rg6 32. Rxf5 Rgf6 33. Rxf6 Rxf6 34. g3 Rc6 35. Qh7+ Kf8 36. Qh8+ Kf7 37.
Bc2 Rxc3 38. Bb3+ Kf6 39. Qf8+ Kg5 40. Kh2 1-0

[Event "Late-Titled-Tuesday-Blitz-April-02-2024"]
[Site "Chess.com"]
[Date "2024.04.02"]
[Round "7"]
[White "Jaka_Brilej"]
[Black "AlexandreHouhou"]
[Result "0-1"]
[WhiteElo "2556"]
[BlackElo "2370"]
[TimeControl "180+1"]
[EndTime "15:16:05 PDT"]
[Termination "AlexandreHouhou won on time"]

1. e4 e6 2. d4 d5 3. Nc3 Nf6 4. e5 Nfd7 5. Nce2 c5 6. c3 Nc6 7. f4 Be7 8. Nf3 O-O 9. Be3 Qa5 10. g3 cxd4 11. Nexd4 Nxd4 12. Nxd4 a6 13. Bd3 Nc5 14. Bc2 Ne4 15. O-O Bd7 16. Bxe4 dxe4 17. Qc2 Qb6 18. Qxe4 Qxb2 19. Rab1 Qxc3 20. Rxb7 Rfd8 21. Rc1 Qa3 22. Rxd7 Rxd7 23. Qxa8+ Rd8 24. Qe4 Bc5 25. Rd1 Qa4 26.
Qd3 Qxa2 27. Qc3 Qa4 28. Rd3 Bb6 29. Nc2 Bxe3+ 30. Nxe3 Rb8 31. Qd4 Rb1+ 32. Kg2 Qc6+ 33. Kh3 h5 34. Qc4 Qf3 35. Qc8+ Kh7 36. Qc2 Rg1 0-1